Selects Airborne Battlegroup
Construct Weapon Support Center
Mechanized Support Center
M16 Multiple Gun Motor Carriage
Selects Paratrooper Squad Paradrop
Paratrooper Squad Paradrop
Designate Forward Repair Station
M3 75 mm Gun Motor Carriage
M3 Armored Personnel Carrier
Paratrooper Squad Paradrop
Paratrooper Squad Paradrop
Improved M9 Bazooka Rockets
Selects Anti-tank Gun Team Paradrop
Selects Dual P-47 Rocket Strike